 Dungeon Crawl Stone Soup version 0.21.1-1-g345015f (webtiles) character file.

180 empire the Slasher (level 5, 0/67 HPs)
             Began as a Minotaur Fighter on May 24, 2018.
             Succumbed to Robin's poison
             ... on level 3 of the Dungeon.
             The game lasted 00:02:54 (1280 turns).

empire the Slasher (Minotaur Fighter)               Turns: 1280, Time: 00:02:55

Health: 0/67       AC: 22    Str: 23    XL:     5   Next: 33%
Magic:  4/4        EV:  2    Int:  5    God:
Gold:   136        SH: 10    Dex: 10    Spells: 4/4 levels left

rFire    . . .     SeeInvis .   a - +0 long sword
rCold    . . .     Gourm    .   c - +0 shield
rNeg     + + +     Faith    .   (armour currently unavailable)
rPois    +         Spirit   .   (helmet currently unavailable)
rElec    .         Reflect  .   (cloak currently unavailable)
rCorr    .         Harm     .   (gloves currently unavailable)
MR       .....     NoTele   +   (boots currently unavailable)
Stlth    +.........             (no amulet)
HPRegen  0.21/turn              m - +1 ring of evasion
MPRegen  0.09/turn              (no ring)

@: lethally poisoned (0 -> -23), tree-form, hasted, very quick
A: (retaliatory headbutt), strong 1, wild magic 2
a: no special abilities


You were on level 3 of the Dungeon.
You were not hungry.
You were a tree.
You visited 1 branch of the dungeon, and saw 3 of its levels.

You collected 136 gold pieces.

Inventory:

Hand Weapons
 a - a +0 long sword (weapon)
Armour
 b - a +0 scale mail
 c - a +0 shield (worn)
 j - a +0 chain mail (melded)
Jewellery
 m - a +1 ring of evasion (left branch)
Scrolls
 g - a scroll of magic mapping {unknown}
 i - a scroll of immolation {unknown}
 k - a scroll of teleportation {unknown}
 n - 3 scrolls of identify {unknown}
 o - 3 scrolls of remove curse {unknown}
 p - a scroll of blinking {unknown}
Potions
 d - a potion of might
Comestibles
 f - 7 rations


   Skills:
 - Level 3.6 Fighting
 * Level 5.1 Long Blades
 + Level 4.8 Armour
 + Level 4.7 Shields


You had 4 spell levels left.
You didn't know any spells.

Dungeon Overview and Level Annotations

Branches:
Dungeon (3/15)

Altars:

Annotations:
D:3 Robin


Innate Abilities, Weirdness & Mutations

((You reflexively headbutt those who attack you in melee.))
((You have a pair of horns on your head.))
Your muscles are strong. (Str +2)
Your spells are harder to cast, but more powerful.


Message History

You feel sick. Robin hits you but does no damage.
You are more poisoned.
You block the goblin's attack. The goblin hits you but does no damage.
You slash the goblin!
You kill the goblin!
* * * LOW HITPOINT WARNING * * *
You feel sick. You block Robin's attack. You block the goblin's attack.
You hit the goblin but do no damage.
* * * LOW HITPOINT WARNING * * *
You feel sick.
Robin says, "My goblins will feast on your bones."
You block Robin's attack. The goblin hits you.
* * * LOW HITPOINT WARNING * * *
You closely miss the goblin.
* * * LOW HITPOINT WARNING * * *
You feel sick. You block Robin's attack. The goblin hits you.
* * * LOW HITPOINT WARNING * * *
You hit the goblin.
The goblin is heavily wounded.
You die...

#+# # ... .. #
#.# #..# #.##.#
.....
#....###......
#g.g.......
#♣##.....#g
#....†.$......#
######.##.##..#
... ..# .# .##
.## # ## ##


You could see Robin and a goblin.

Vanquished Creatures
  A wyvern skeleton (D:2)
  An iguana (D:2)
  6 adders (D:2)
  A dart slug (D:2)
  3 leopard geckos
  5 bats
  A giant cockroach (D:2)
  12 goblins
  6 hobgoblins
  A kobold (D:1)
  5 frilled lizards
  4 rats (D:2)
46 creatures vanquished.

Vanquished Creatures (others)
  A worm (D:3)
1 creature vanquished.

Grand Total: 47 creatures vanquished

Notes
Turn   | Place    | Note
-------+----------+-------------------------------------------
     0 | D:1      | empire the Minotaur Fighter began the quest for the Orb.
     0 | D:1      | Reached XP level 1. HP: 19/19 MP: 0/0
   448 | D:2      | Reached skill level 3 in Long Blades
   448 | D:2      | Reached XP level 2. HP: 26/26 MP: 1/1
   545 | D:2      | Reached XP level 3. HP: 26/31 MP: 2/2
   606 | D:2      | Reached skill level 4 in Long Blades
   682 | D:2      | Reached XP level 4. HP: 11/39 MP: 3/3
   777 | D:2      | Reached skill level 5 in Long Blades
   777 | D:2      | Reached XP level 5. HP: 7/45 MP: 4/4
  1241 | D:3      | Noticed Robin
  1273 | D:3      | Gained mutation: Your spells are a little harder to cast, but a little more powerful. [potion of mutation]
  1273 | D:3      | Gained mutation: Your muscles are strong. (Str +2) [potion of mutation]
  1273 | D:3      | Gained mutation: Your spells are harder to cast, but more powerful. [potion of mutation]
  1279 | D:3      | HP: 2/67 [goblin[Robin] (2)]
  1280 | D:3      | Succumbed to Robin's poison

Skill      XL: |  1  2  3  4 |
---------------+-------------+-----
Long Blades    | 3 4 5 |  5.1
Armour         | 4 |  4.8
Shields        | 4 |  4.7
Fighting       | |  3.6

Action                   |  1- 3 |  4- 6 || total
-------------------------+-------+-------++-------
Melee: Long sword        |    61 |    61 ||   122
       Headbutt          |     7 |    11 ||    18
  Use: Potion            |       |     3 ||     3
  Eat: Chunk             |       |     1 ||     1
Armor: Scale mail        |     4 |       ||     4
       Chain mail        |    26 |    52 ||    78
       Skin              |       |     2 ||     2
Dodge: Dodged            |    12 |    26 ||    38
Block: Shield            |    36 |    61 ||    97
       Rpst.: Long sword |     3 |     8 ||    11
